 Dungeon Crawl Stone Soup version 0.26-a0-962-g9b92081034 (webtiles) character file.

Game seed: 7342385440755395907

12691 Gargoyl the Fighter (level 11, -6/89 HPs)
             Began as a Gnoll Abyssal Knight on Dec 2, 2020.
             Was a High Priest of Lugonu.
             Mangled by a cane toad (9 damage)
             ... while petrified by a basilisk
             ... on level 2 of the Lair of Beasts.
             The game lasted 00:16:15 (11371 turns).

Gargoyl the Fighter (Gnoll Abyssal Knight)         Turns: 11371, Time: 00:16:16

Health: -6/89      AC: 21    Str: 24    XL:     11   Next: 97%
Magic:  21/21      EV:  2    Int: 15    God:    Lugonu [*****.]
Gold:   607        SH:  0    Dex: 15    Spells: 23/23 levels left

rFire    . . .     SeeInvis +   d - +3 falchion of Doors {elec, rN+ Str+5}
rCold    . . .     Faith    .   r - +2 kite shield
rNeg     + + +     Spirit   .   t - +0 steam dragon scales
rPois    ∞         Reflect  +   j - +1 helmet (curse)
rElec    +         Harm     .   b - +2 cloak
rCorr    .         Rampage  .   a - +0 pair of gloves
MR       .....                  c - +2 pair of boots
Stlth    +++.......             p - amulet of reflection
HPRegen  0.24/turn              o - +6 ring of strength
MPRegen  0.17/turn              y - ring of the Country {rElec rPois AC+4 Str-4 SInv}

@: petrified
A: distributed training, fangs 1, strong nose
a: Depart the Abyss, Bend Space, Banish, Corrupt, Enter the Abyss, Renounce
Religion


You were on level 2 of the Lair of Beasts.
You worshipped Lugonu.
Lugonu was extremely pleased with you.
You visited 2 branches of the dungeon, and saw 14 of its levels.
You visited the Abyss 1 time.
You also visited: Bailey.

You collected 607 gold pieces.

Inventory:

Hand Weapons
 d - the +3 falchion of Doors (weapon) {elec, rN+ Str+5}
   (You found it on level 2 of the Abyss)

   Occasionally, upon striking a foe, it will discharge some electrical energy
   and cause terrible harm.
   It affects your strength (+5).
   It protects you from negative energy.
 f - a +6 broad axe
 i - a +3 hand axe
Armour
 a - a +0 pair of gloves (worn)
 b - a +2 cloak (worn)
 c - a +2 pair of boots (worn)
 j - a cursed +1 helmet (worn)
 r - a +2 kite shield (worn)
 t - +0 steam dragon scales (worn)
Jewellery
 o - a +6 ring of strength (left hand)
 p - an amulet of reflection (around neck)
 x - an uncursed ring of resist corrosion
 y - the ring of the Country (right hand) {rElec rPois AC+4 Str-4 SInv}
   (You acquired it on level 10 of the Dungeon)

   [ring of protection]

   It affects your AC (+4).
   It affects your strength (-4).
   It insulates you from electricity.
   It protects you from poison.
   It lets you see invisible.
 B - an uncursed ring of magical power {unknown}
Wands
 e - a wand of paralysis (4)
 n - a wand of acid (29)
 A - a wand of flame (16)
Scrolls
 g - 10 scrolls of remove curse
 q - 5 scrolls of teleportation
 s - a scroll of identify
 C - a scroll of magic mapping
 D - a scroll of torment {unknown}
Potions
 h - a potion of heal wounds
 k - 4 potions of curing
 l - a potion of flight
 m - 2 potions of lignification {unknown}
 u - 2 potions of magic
 v - 2 potions of resistance {unknown}
 w - 3 potions of invisibility {unknown}
 z - a potion of cancellation {unknown}


   Skills:
 + Level 9.5 Fighting
 + Level 6.8 Short Blades
 + Level 6.8 Long Blades
 + Level 8.3 Axes
 + Level 6.8 Maces & Flails
 + Level 6.8 Polearms
 + Level 6.8 Staves
 + Level 6.8 Slings
 + Level 6.8 Bows
 + Level 6.8 Crossbows
 + Level 6.8 Throwing
 + Level 8.3 Armour
 + Level 7.3 Dodging
 + Level 6.8 Stealth
 + Level 6.8 Shields
 + Level 6.8 Unarmed Combat
 + Level 6.8 Spellcasting
 + Level 5.6 Conjurations
 + Level 5.6 Hexes
 + Level 5.6 Summonings
 + Level 5.6 Necromancy
 + Level 5.6 Translocations
 + Level 5.6 Transmutations
 + Level 5.6 Fire Magic
 + Level 5.6 Ice Magic
 + Level 5.6 Air Magic
 + Level 5.6 Earth Magic
 + Level 5.6 Poison Magic
 + Level 8.8 Invocations
 + Level 6.8 Evocations


You had 23 spell levels left.
You didn't know any spells.
Your spell library contained the following spells:

 Spells                   Type           Power        Failure   Level
 Animate Skeleton         Necr           ###...       3%          1
 Beastly Appendage        Tmut           ###...       3%          1
 Pain                     Necr           ###.         3%          1
 Sandblast                Erth           ###...       3%          1
 Summon Small Mammal      Summ           ###.         3%          1
 Call Imp                 Summ           ###.....     6%          2
 Passwall                 Tmut/Erth      ###.....     6%          2
 Wereblood                Tmut           ###.....     6%          2
 Call Canine Familiar     Summ           ###.....     12%         3
 Spider Form              Tmut/Pois      ###.......   12%         3
 Summon Guardian Golem    Hex/Summ       ###.....     12%         3
 Vampiric Draining        Necr           ###.......   12%         3
 Animate Dead             Necr           ###.......   36%         4
 Ice Form                 Ice/Tmut       ###.....     36%         4
 Summon Ice Beast         Ice/Summ       ###.....     36%         4
 Summon Lightning Spire   Summ/Air       ###.....     36%         4
 Agony                    Necr           ###.....     71%         5
 Blade Hands              Tmut           ###.......   71%         5
 Bolt of Magma            Conj/Fire/Erth ###.......   71%         5
 Irradiate                Conj/Tmut      ###.......   71%         5
 Hydra Form               Tmut           ###.......   99%         6
 Iron Shot                Conj/Erth      ###.......   99%         6
 Statue Form              Tmut/Erth      ###......    99%         6
 Dragon Form              Tmut           ###.......   100%        7


Dungeon Overview and Level Annotations

Branches:
Dungeon (12/15)            Temple (0/1) D:5            Lair (2/6) D:10
    Orc (0/2) D:10         Bailey (visited)
  Swamp: Lair:2-4    Shoals: Lair:2-4     Snake: Lair:2-4    Spider: Lair:2-4

Altars:
Elyvilon
Gozag
Nemelex Xobeh
Okawaru
Qazlal
Sif Muna
Trog
Vehumet
Xom
Zin


Innate Abilities, Weirdness & Mutations

Your experience applies equally to all skills.
You have very sharp teeth.
Your uncanny sense of smell can sniff out nearby items.


Message History

The cane toad stings you!
* * * LOW HITPOINT WARNING * * *
The komodo dragon bites you but does no damage.
The basilisk gazes at you. You resist with some effort.
The bullfrog hits you but does no damage.
The cane toad barely misses you.
The bullfrog hits you but does no damage.
The komodo dragon bites you!
* * * LOW HITPOINT WARNING * * *
The basilisk bites you!
* * * LOW HITPOINT WARNING * * *
The cane toad barely misses you.
The bullfrog hits you but does no damage.
The basilisk bites you but does no damage.
The komodo dragon bites you!
* * * LOW HITPOINT WARNING * * *
The bullfrog hits you but does no damage.
The cane toad stings you!!
You die...

#.....# .8 .. #.....##
.. ...##...... ..
#.........###
.#.#........###+##
.................#
.................+ 8..
......lF.P..#..#P#...##
......F@..####.# ..#.#
.......l..# #.###....#
#....#....#
##'##.P...## .#..
#......+..##......# ...
#.....###..+......## ..
.....## ###..P.....# .
.#....# ##.#....P#
##.... ##.##....##
####...#.....#


You could see a komodo dragon, a cane toad, a basilisk and a bullfrog.

Vanquished Creatures
  A wizard (D:11)
  An orc knight (Bailey)
  A cane toad (Lair:1)
  A black mamba (Lair:1)
  A gargoyle (D:11)
  A centaur skeleton (D:12)
  Maggie (D:6)
  4 komodo dragons (Lair:1)
  A rime drake (Lair:1)
  A troll (D:10)
  A hornet (D:9)
  Sigmund (D:4)
  4 yaks (Lair:2)
  2 basilisks (Lair:2)
  A wraith (D:8)
  Eustachio (D:5)
  Edmund (D:4)
  Menkaure (D:5)
  A warg (D:10)
  4 water moccasins
  13 orc warriors
  A black bear (D:7)
  2 sky beasts
  A necrophage (D:7)
  2 phantoms
  3 centaurs
  An ogre (D:9)
  12 wolves
  A big kobold (D:10)
  6 bullfrogs
  2 scorpions
  3 killer bees (D:8)
  9 wights
  3 howler monkeys
  An electric eel (D:10)
  A quasit (D:6)
  2 jellies (D:5)
  3 orc priests
  Crazy Yiuf (D:2)
  2 bullfrog skeletons
  6 hounds
  Natasha (twice) (D:2)
  3 iguanas
  7 orc wizards
  10 worker ants
  2 worker ant zombies
  9 adders
  4 gnolls
  3 white imps
  3 oozes
  An adder zombie (D:5)
  A worm (D:3)
  4 dart slugs
  2 leopard geckos (D:3)
  45 orcs
  4 ball pythons
  5 giant cockroaches
  12 goblins
  7 hobgoblins
  19 jackals
  5 quokkas
  5 bats
  4 frilled lizards
  A jackal skeleton (D:7)
  12 kobolds
  A leopard gecko skeleton (D:5)
  A quokka skeleton (D:4)
  6 rats
283 creatures vanquished.

Vanquished Creatures (others)
  2 plants (Lair:1)
2 creatures vanquished.

Grand Total: 285 creatures vanquished

Notes
Turn   | Place    | Note
-------+----------+-------------------------------------------
     0 | Abyss:1  | Gargoyl the Gnoll Abyssal Knight began the quest for the
                  | Orb.
     0 | Abyss:1  | Reached XP level 1. HP: 23/23 MP: 3/3
    46 | Abyss:2  | Noticed a wretched star
    48 | Abyss:2  | Got an encrusted falchion
    49 | D:1      | Escaped the Abyss
    55 | D:1      | Identified the cursed +3 falchion of Doors {elec, rN+
                  | Str+5} (You found it on level 2 of the Abyss)
    85 | D:1      | Reached XP level 2. HP: 29/29 MP: 5/5
   123 | D:1      | Reached * piety under Lugonu
   261 | D:1      | Reached XP level 3. HP: 35/35 MP: 6/6
   943 | D:1      | Reached skill level 1 in Short Blades
   943 | D:1      | Reached skill level 1 in Long Blades
   943 | D:1      | Reached skill level 1 in Maces & Flails
   943 | D:1      | Reached skill level 1 in Polearms
   943 | D:1      | Reached skill level 1 in Staves
   943 | D:1      | Reached skill level 1 in Slings
   943 | D:1      | Reached skill level 1 in Bows
   943 | D:1      | Reached skill level 1 in Crossbows
   943 | D:1      | Reached skill level 1 in Throwing
   943 | D:1      | Reached skill level 1 in Stealth
   943 | D:1      | Reached skill level 1 in Shields
   943 | D:1      | Reached skill level 1 in Unarmed Combat
   943 | D:1      | Reached skill level 1 in Spellcasting
   943 | D:1      | Reached skill level 1 in Evocations
   968 | D:2      | Noticed Natasha
   970 | D:2      | Killed Natasha
   971 | D:2      | Reached XP level 4. HP: 41/41 MP: 7/7
  1028 | D:2      | Reached skill level 1 in Conjurations
  1028 | D:2      | Reached skill level 1 in Hexes
  1028 | D:2      | Reached skill level 1 in Summonings
  1028 | D:2      | Reached skill level 1 in Necromancy
  1028 | D:2      | Reached skill level 1 in Translocations
  1028 | D:2      | Reached skill level 1 in Transmutations
  1028 | D:2      | Reached skill level 1 in Fire Magic
  1028 | D:2      | Reached skill level 1 in Ice Magic
  1028 | D:2      | Reached skill level 1 in Air Magic
  1028 | D:2      | Reached skill level 1 in Earth Magic
  1028 | D:2      | Reached skill level 1 in Poison Magic
  1064 | D:2      | Noticed Natasha
  1067 | D:2      | Reached XP level 5. HP: 39/47 MP: 8/8
  1080 | D:2      | Killed Natasha
  1137 | D:2      | Reached ** piety under Lugonu
  1156 | D:2      | Found a faded altar of an unknown god.
  1265 | D:2      | Found an iron altar of Okawaru.
  1774 | D:2      | Reached skill level 5 in Invocations
  2011 | D:2      | Found a runed translucent door.
  2012 | D:2      | Noticed Crazy Yiuf
  2018 | D:2      | Killed Crazy Yiuf
  2019 | D:2      | Reached XP level 6. HP: 43/53 MP: 9/9
  2608 | D:3      | Reached skill level 5 in Axes
  2608 | D:3      | Reached skill level 5 in Armour
  2829 | D:4      | Reached *** piety under Lugonu
  3011 | D:4      | Noticed Sigmund
  3018 | D:4      | Killed Sigmund
  3019 | D:4      | Reached skill level 7 in Fighting
  3019 | D:4      | Reached XP level 7. HP: 58/60 MP: 9/11
  3037 | D:4      | Found a shimmering blue altar of Sif Muna.
  3138 | D:4      | Noticed Edmund
  3147 | D:4      | Killed Edmund
  3325 | D:5      | Entered Level 5 of the Dungeon
  3350 | D:5      | Found a radiant altar of Vehumet.
  3508 | D:5      | Found a white marble altar of Elyvilon.
  3576 | D:5      | Found a staircase to the Ecumenical Temple.
  3576 | D:5      | Noticed Eustachio
  3579 | D:5      | Noticed Menkaure
  3588 | D:5      | Killed Menkaure
  3589 | D:5      | Reached XP level 8. HP: 21/67 MP: 12/12
  3597 | D:5      | Killed Eustachio
  3960 | D:5      | Found a stormy altar of Qazlal.
  3963 | D:5      | Found a bloodstained altar of Trog.
  3976 | D:5      | Found a glowing silver altar of Zin.
  3979 | D:5      | Found a sparkling altar of Nemelex Xobeh.
  4287 | D:6      | Noticed Maggie
  4297 | D:6      | Killed Maggie
  4454 | D:6      | Reached **** piety under Lugonu
  4634 | D:6      | Reached XP level 9. HP: 61/72 MP: 14/14
  5293 | D:7      | Found an opulent altar of Gozag.
  5795 | D:7      | Reached skill level 5 in Dodging
  6290 | D:8      | Reached skill level 8 in Fighting
  7411 | D:9      | Noticed a hornet
  7427 | D:9      | Killed a hornet
  7428 | D:9      | Reached XP level 10. HP: 62/80 MP: 17/17
  7689 | D:9      | You fall into a shaft and drop 3 floors!
  7696 | D:12     | Reached skill level 5 in Short Blades
  7696 | D:12     | Reached skill level 5 in Long Blades
  7696 | D:12     | Reached skill level 5 in Maces & Flails
  7696 | D:12     | Reached skill level 5 in Polearms
  7696 | D:12     | Reached skill level 5 in Staves
  7696 | D:12     | Reached skill level 5 in Slings
  7696 | D:12     | Reached skill level 5 in Bows
  7696 | D:12     | Reached skill level 5 in Crossbows
  7696 | D:12     | Reached skill level 5 in Throwing
  7696 | D:12     | Reached skill level 5 in Stealth
  7696 | D:12     | Reached skill level 5 in Shields
  7696 | D:12     | Reached skill level 5 in Unarmed Combat
  7696 | D:12     | Reached skill level 5 in Spellcasting
  7696 | D:12     | Reached skill level 5 in Evocations
  7819 | D:11     | Noticed a wizard
  7824 | D:11     | Noticed a wizard
  7831 | D:11     | Noticed a deep elf mage
  7833 | D:11     | Killed a wizard
  7847 | D:11     | Banished a deep elf mage
  7960 | D:11     | Noticed a wizard
  8073 | D:11     | Noticed a gargoyle
  8084 | D:11     | Killed a gargoyle
  8089 | D:10     | Entered Level 10 of the Dungeon
  8216 | D:10     | Found a staircase to the Lair.
  8254 | D:10     | Identified a scroll of acquirement
  8254 | D:10     | Acquired the ring of the Country {rElec rPois AC+4 Str-4
                  | SInv}
  8318 | D:10     | Found a flagged portal.
  8323 | Bailey   | Entered a bailey
  8433 | Bailey   | Reached ***** piety under Lugonu
  8791 | Bailey   | Found a roughly hewn altar of Beogh.
  8791 | Bailey   | Noticed an orc knight
  8806 | Bailey   | Killed an orc knight
  8810 | Bailey   | Reached XP level 11. HP: 41/87 MP: 19/19
  8820 | Bailey   | Identified the Collected Works on the Mountains
  9317 | D:10     | Reached skill level 9 in Fighting
  9322 | D:10     | Reached skill level 5 in Conjurations
  9322 | D:10     | Reached skill level 5 in Hexes
  9322 | D:10     | Reached skill level 5 in Summonings
  9322 | D:10     | Reached skill level 5 in Necromancy
  9322 | D:10     | Reached skill level 5 in Translocations
  9322 | D:10     | Reached skill level 5 in Transmutations
  9322 | D:10     | Reached skill level 5 in Fire Magic
  9322 | D:10     | Reached skill level 5 in Ice Magic
  9322 | D:10     | Reached skill level 5 in Air Magic
  9322 | D:10     | Reached skill level 5 in Earth Magic
  9322 | D:10     | Reached skill level 5 in Poison Magic
  9340 | D:10     | Found a staircase to the Orcish Mines.
  9907 | D:10     | Found a shimmering altar of Xom.
 10177 | Lair:1   | Entered Level 1 of the Lair of Beasts
 11252 | Lair:2   | Noticed a four-headed hydra
 11255 | Lair:2   | Banished a four-headed hydra
 11371 | Lair:2   | HP: 3/89 [komodo dragon (4)]
 11371 | Lair:2   | Mangled by a cane toad

Illustrated notes

Levels and vault maps discovered:
D:1:      minmay_arrival_doors, layout_basic
D:2:      layout_loops_cross, chequers_ecumenical_altar_twisty,
          okawaru_ov_weapons_minmay, uniq_crazy_yiuf_cottage, uniq_natasha
D:3:      layout_loops_cross, chequers_serial_rivers_micro_e
D:4:      layout_rooms, old_standard_altar, uniq_edmund, uniq_sigmund
D:5:      layout_rooms, nicolae_overflow_crystal_walls,
          grunt_temple_overflow_cloverleaf, minmay_temple_entry_grid,
          basic_altar, fountainhead, hangedman_abyss_or_decor_passed,
          fountainhead, uniq_menkaure, uniq_eustachio
D:6:      layout_loops_corners, uniq_maggie
D:7:      layout_layer_cave, grunt_gozag_breadcrumbs
D:8:      layout_layer_cave
D:9:      layout_loops_ring, kennysheep_just_a_vault
D:10:     layout_roguey, erik_lair_island, david_orc_3, enter_bailey_3,
          xom_teletrap_fun
D:11:     layout_roguey, serial_shops, shop, basic_altar,
          gauntlet_entry_generic, chequers_mini_garden, minmay_strange_pillars,
          eino_small_chamber_without_monster, minivault_19,
          bh_hangedman_babel_library
D:12:     layout_grid_maze, uniq_jorgrun, uniq_snorg
Lair:1:   layout_roguey, lemuel_fruit_tree
Lair:2:   layout_regular_city, elwin_shoals_entry_stream, gammafunk_ghost_arena,
          guppyfry_lair_drakes, grunt_megastairs_4, uniq_nergalle

Skill      XL: |  1  2  3  4  5  6  7  8  9 10 11 |
---------------+----------------------------------+-----
Short Blades   | 1 2 3 4 5 6 |  6.8
Long Blades    | 1 2 3 4 5 6 |  6.8
Maces & Flails | 1 2 3 4 5 6 |  6.8
Polearms       | 1 2 3 4 5 6 |  6.8
Staves         | 1 2 3 4 5 6 |  6.8
Slings         | 1 2 3 4 5 6 |  6.8
Bows           | 1 2 3 4 5 6 |  6.8
Crossbows      | 1 2 3 4 5 6 |  6.8
Throwing       | 1 2 3 4 5 6 |  6.8
Stealth        | 1 2 3 4 5 6 |  6.8
Shields        | 1 2 3 4 5 6 |  6.8
Unarmed Combat | 1 2 3 4 5 6 |  6.8
Spellcasting   | 1 2 3 4 5 6 |  6.8
Evocations     | 1 2 3 4 5 6 |  6.8
Conjurations   | 1 2 3 4 5 |  5.6
Hexes          | 1 2 3 4 5 |  5.6
Summonings     | 1 2 3 4 5 |  5.6
Necromancy     | 1 2 3 4 5 |  5.6
Translocations | 1 2 3 4 5 |  5.6
Transmutations | 1 2 3 4 5 |  5.6
Fire Magic     | 1 2 3 4 5 |  5.6
Ice Magic      | 1 2 3 4 5 |  5.6
Air Magic      | 1 2 3 4 5 |  5.6
Earth Magic    | 1 2 3 4 5 |  5.6
Poison Magic   | 1 2 3 4 5 |  5.6
Dodging        | 3 4 5 6 7 |  7.3
Invocations    | 5 6 7 8 |  8.8
Axes           | 5 6 7 8 |  8.3
Armour         | 5 6 7 8 |  8.3
Fighting       | 7 8 9 |  9.5

Action                   |  1- 3 |  4- 6 |  7- 9 | 10-12 || total
-------------------------+-------+-------+-------+-------++-------
Melee: Falchion          |    39 |   135 |   261 |   343 ||   778
       Bite              |     3 |    13 |    47 |    54 ||   117
Invok: Depart the Abyss  |     1 |       |       |       ||     1
       Banish            |       |       |       |     3 ||     3
Evoke: Wand              |       |       |       |     2 ||     2
  Use: Scroll            |       |     9 |    10 |     9 ||    28
       Potion            |       |       |     1 |     2 ||     3
 Stab: Sleeping          |       |       |     7 |    11 ||    18
       Paralysed         |       |       |       |     3 ||     3
       Distracted        |       |       |       |     1 ||     1
Armor: Leather armour    |     4 |       |       |       ||     4
       Ring mail         |     9 |    50 |    26 |       ||    85
       Steam dragon scal |       |       |    33 |   112 ||   145
Dodge: Dodged            |    37 |    67 |    73 |   189 ||   366
Block: Buckler           |     2 |    23 |       |       ||    25
       Kite shield       |       |    34 |   203 |   431 ||   668
       Reflection        |       |       |     3 |    53 ||    56
       Rpst.: Falchion   |     9 |    23 |    22 |    42 ||    96

Table legend: (Time is in decaauts)
 A = Elapsed time spent in this place.
 B = Non-inter-level travel time spent in this place.
 C = Inter-level travel time spent in this place.
 D = Time resting spent in this place.
 E = Time spent auto-exploring this place.
 F = Levels seen in this place.
 G = Mean time per level.
                   A        B        C        D        E       F      G
               +--------+--------+--------+--------+--------+-----+--------+
         Total |  11509 |  11059 |    450 |    815 |   7555 |  17 |  677.0 |
       Dungeon |   9420 |   8988 |    432 |    660 |   6223 |  12 |  785.0 |
          Lair |   1203 |   1185 |     18 |    155 |    747 |   2 |  601.5 |
         Abyss |     48 |     48 |      0 |      0 |     33 |   2 |   24.0 |
        Bailey |    837 |    837 |      0 |      0 |    552 |   1 |  837.0 |
               +--------+--------+--------+--------+--------+-----+--------+

Top non-repeatable levels by time:
     D:8: 1251 daAuts
     D:2: 1191 daAuts
     D:6: 1063 daAuts
     D:7: 1036 daAuts
     D:1: 926 daAuts
    D:10: 911 daAuts
  Lair:1: 872 daAuts
  Bailey: 837 daAuts
     D:5: 757 daAuts
     D:3: 648 daAuts
     D:9: 616 daAuts
     D:4: 575 daAuts
    D:11: 414 daAuts
  Lair:2: 331 daAuts
 Abyss:1: 40 daAuts
